 Dungeon Crawl Stone Soup version 0.29.1-15-g9cfb28693d (webtiles) character file.

Game seed: 17409842164767999973

100 Thatpatchoflichen the Ducker (level 5, 0/42 HPs)
             Began as a Human Monk on Mar 5, 2023.
             Killed from afar by an orc wizard (9 damage)
             ... with a puff of flame
             ... on level 3 of the Dungeon.
             The game lasted 00:03:36 (3225 turns).

Thatpatchoflichen the Ducker (Human Monk)           Turns: 3225, Time: 00:03:37

Health: 0/42       AC:  7    Str: 12    XL:     5   Next: 3%
Magic:  5/5        EV: 12    Int: 10    God:
Gold:   153        SH:  0    Dex: 17    Spells: 4/4 levels left

rFire   . . .      SeeInvis .   a - +0 falchion
rCold   . . .      Faith    .   (no shield)
rNeg    . . .      Spirit   .   r - +0 ring mail
rPois   .          Reflect  .   (no helmet)
rElec   .          Harm     .   (no cloak)
rCorr   .          Rampage  .   o - +1 pair of gloves
Will    .....                   (no boots)
Stlth   +.........              (no amulet)
HPRegen 0.14/turn               (no ring)
MPRegen 0.09/turn               (no ring)

@: no status effects
A: no striking features
a: no special abilities


You were on level 3 of the Dungeon.
You visited 1 branch of the dungeon, and saw 3 of its levels.

You collected 153 gold pieces.

Inventory:

Hand Weapons
 a - a +0 falchion (weapon)
Missiles
 l - 3 javelins (quivered)
 q - 7 poisoned darts
Armour
 b - a +0 robe
 o - a +1 pair of gloves (worn)
 r - a +0 ring mail (worn)
Jewellery
 n - a ring of positive energy
 s - an amulet of guardian spirit
Scrolls
 d - a scroll of enchant armour {unknown}
 e - 2 scrolls of enchant weapon {unknown}
 g - a scroll of amnesia {unknown}
 i - a scroll of fear {unknown}
 p - 2 scrolls of identify {unknown}
Potions
 c - a potion of ambrosia
 f - a potion of lignification {unknown}
 h - a potion of cancellation {unknown}
 j - a potion of might {unknown}
 k - 3 potions of curing {unknown}
 m - a potion of haste {unknown}
 t - a potion of mutation {unknown}
 u - a potion of berserk rage {unknown}


   Skills:
 - Level 4.0 Fighting
 + Level 3.3 Long Blades
 + Level 1.3 Armour
 - Level 4.0 Dodging
 - Level 2.0 Stealth


You had 4 spell levels left.
You didn't know any spells.
Your spell library contained the following spells:

 Spells                   Type           Power      Damage    Failure   Level
 Sandblast                Erth           0%         2d4       63%         1
 Passwall                 Tmut/Erth      0%         N/A       77%         2
 Dazzling Flash           Conj/Hex       0%         N/A       94%         3
 Stone Arrow              Conj/Erth      0%         3d7       94%         3
 Iskenderun's Mystic Bla  Conj/Tloc      0%         2d3       100%        4
 Starburst                Conj/Fire      0%         6d3       100%        6


Dungeon Overview and Level Annotations

Branches:
Dungeon (3/15)

Altars:


Message History

Something hits you but does no damage.
You slash the orc!
You kill the orc!
You feel less confused. Something hits you.
Something hits you but does no damage.
You closely miss something. Something hits you but does no damage.
Something completely misses you.
You miss something. Something hits you. Something hits you but does no damage.
You hear some strange, mumbled words.
A magic dart appears from out of thin air!
The magic dart hits you.
* * * LOW HITPOINT WARNING * * *
Something hits you but does no damage.
You hit something.
You hear some strange, mumbled words.
Something tries to affect you, but you resist.
Something hits you but does no damage.
You hit something but do no damage.
You hear some strange, mumbled words.
Something tries to affect you, but you resist.
Something hits you but does no damage.
You miss something.
Something hits you but does no damage. x2
You completely miss something.
Something hits you but does no damage. x2
You closely miss something.
An orc wizard appears from thin air!
Reactivating autopickup.
Something barely misses you.
The orc wizard hits you with a +0 dagger.
* * * LOW HITPOINT WARNING * * *
You hit the orc wizard.
The orc wizard is moderately wounded.
Something hits you but does no damage.
Deactivating autopickup; reactivate with Ctrl-A.
The orc wizard hits you with a +0 dagger.
* * * LOW HITPOINT WARNING * * *
You slash the orc wizard!
The orc wizard is almost dead.
Something hits you but does no damage.
The orc wizard points at you and mumbles some strange words.
The puff of flame hits you!
You die...

######## ########......# .....
####......)......#
......#####................#
.....+....................#
....###....{o##..........#
#.....'....)@##..........#
#####.#####......##..{....####
...........................#
+...............................
#......##......#...........###..
.......##......#...........#
..##...####+#..........#.....
..++....... #..........#......
..##........ ..........#......#


You could see an orc wizard.

Vanquished Creatures
  3 adders
  2 worms (D:2)
  6 dart slugs
  2 orcs (D:3)
  4 endoplasms
  3 giant cockroaches
  6 goblins
  4 hobgoblins (D:1)
  7 jackals
  2 ball pythons
  2 bats
  2 frilled lizards (D:1)
  5 kobolds
  4 rats
52 creatures vanquished.

Notes
Turn   | Place    | Note
-------+----------+-------------------------------------------
     0 | D:1      | Thatpatchoflichen the Human Monk began the quest for the
                  | Orb.
     0 | D:1      | Reached XP level 1. HP: 18/18 MP: 1/1
   273 | D:1      | Reached XP level 2. HP: 24/24 MP: 2/2
   804 | D:1      | Reached XP level 3. HP: 24/29 MP: 3/3
  1561 | D:2      | Found a faded altar of an unknown god.
  1578 | D:2      | HP: 1/29 [poisoned by a kobold]
  2254 | D:2      | Reached XP level 4. HP: 29/37 MP: 4/4
  3013 | D:3      | Reached skill level 1 in Armour
  3183 | D:3      | Reached XP level 5. HP: 41/42 MP: 5/5
  3225 | D:3      | Killed from afar by an orc wizard

Illustrated notes

Levels and vault maps discovered:
D:1:      shiori_arrival_elements, layout_loops_corners, minmay_misc_feat_roman,
          minmay_octomino_e4
D:2:      layout_loops_ring, hellmonk_ecumenical_altar_arch_garden,
          minivault_23, minmay_misc_feat_square, hangedman_decor_slide_cut,
          minmay_misc_feat_nine_boxes
D:3:      layout_basic, lemuel_coloured_pillars_altar,
          mainiacjoe_overflow_24_doors, serial_shops, shop

Skill      XL: |  1  2  3  4 |
---------------+-------------+-----
Fighting       | 4 |  4.0
Dodging        | 4 |  4.0
Armour         | 1 |  1.3
Long Blades    | |  3.3
Stealth        | |  2.0

Action                   |  1- 3 |  4- 6 || total
-------------------------+-------+-------++-------
Melee: Falchion          |    92 |    96 ||   188
       Punch             |     1 |     1 ||     2
 Stab: Sleeping          |     8 |       ||     8
Armor: Robe              |    21 |     9 ||    30
       Ring mail         |       |    47 ||    47
Dodge: Dodged            |    61 |    51 ||   112
